 Dungeon Crawl Stone Soup version 0.10.4 character file.

2873 CodaKJazz the Spear-Bearer (level 9, -8/75 HPs)
             Began as a Minotaur Fighter on July 22, 2023.
             Mangled by an orc warrior
             ... wielding a cursed -1,-1 orcish battleaxe
              (13 damage)
             ... on Level 8 of the Dungeon.
             The game lasted 00:16:17 (6786 turns).

CodaKJazz the Spear-Bearer (Minotaur Fighter)       Turns: 6786, Time: 00:16:17

HP  -8/75        AC 12     Str 23      XL: 9   Next: 26%
MP   0/3         EV  4     Int  5      God:
Gold 608         SH 23     Dex 11      Spells:  0 memorised,  8 levels left

Res.Fire  : . . .   See Invis. : .   b - +1 whip (elec)
Res.Cold  : . . .   Warding    : . . i - +0 plate armour
Life Prot.: . . .   Conserve   : .   c - +0 shield
Res.Acid. : . . .   Res.Corr.  : .   (helmet restricted)
Res.Poison: .       Clarity    : .   (no cloak)
Res.Elec. : .       Spirit.Shd : +   I - +0 pair of gauntlets
Sust.Abil.: . .     Stasis     : .   (no boots)
Res.Mut.  : .       Ctrl.Telep.: .   K - amulet of guardian spirit
Res.Rott. : .       Levitation : .   (no ring)
Saprovore : . . .   Ctrl.Flight: .   (no ring)

@: invisible, slightly resistant to hostile enchantments, extremely unstealthy
A: retaliatory headbutt, horns 2
a: no special abilities


You were on level 8 of the Dungeon.
You were not hungry.

You visited 1 branch of the dungeon, and saw 8 of its levels.
You visited 2 portal chambers: ossuary, sewer.

You collected 588 gold pieces.

Inventory:

Hand weapons
 a - a +0,+1 trident
 b - a +1,+1 whip of electrocution (weapon)
Missiles
 e - a +0 throwing net
 h - 30 +0 darts (quivered)
Armour
 c - a +0 shield (worn)
 i - a +0 plate armour (worn)
 I - a +0 pair of gauntlets (worn)
Magical devices
 n - a wand of random effects (3)
Comestibles
 d - 5 bread rations
 g - a pear
 k - 6 meat rations
Scrolls
 f - 5 scrolls of remove curse
 j - 4 scrolls of detect curse
 l - a scroll of enchant armour
 q - 2 scrolls of amnesia {unknown}
 s - 2 scrolls of curse jewellery
 u - 3 scrolls of fog
 v - a scroll of teleportation
 w - a scroll of fear
 y - 3 scrolls of magic mapping {unknown}
 A - a scroll of enchant weapon I {unknown}
 B - a scroll of silence {unknown}
 L - 4 scrolls of curse weapon
 S - a scroll of noise {unknown}
 T - 2 scrolls of identify
 V - a scroll of curse armour
Jewellery
 K - an amulet of guardian spirit (around neck)
 N - an uncursed ring of magical power {unknown}
Potions
 m - 2 potions of agility {unknown}
 o - 2 potions of speed {unknown}
 p - a potion of invisibility
 t - 3 potions of heal wounds {unknown}
 x - 2 potions of resistance {unknown}
 z - 7 potions of curing {unknown}
 C - a potion of brilliance {unknown}
 D - a potion of levitation {unknown}
 E - a potion of cure mutation {unknown}
 F - 2 potions of slowing {unknown}
 G - 2 potions of restore abilities {unknown}
 H - a potion of might {unknown}
 J - 2 potions of magic {unknown}
 M - 2 potions of mutation {unknown}
 O - a potion of blood
 Q - a potion of poison {unknown}
 W - a potion of degeneration {unknown}
Books
 r - a book of Wizardry

   Spells                             Type                      Level
   Summon Elemental                   Summoning                    4
   Agony                              Necromancy                   5
   Lightning Bolt                     Conjuration/Air              5
   Fireball                           Conjuration/Fire             5
   Haste                              Charms                       6
   Invisibility                       Hexes                        6
 P - a book of Morphology

   Spells                             Type                      Level
   Sticks to Snakes                   Transmutation                2
   Petrify                            Transmutation/Earth          4
   Polymorph Other                    Hexes/Transmutation          4
   Cigotuvi's Degeneration            Transmutation/Necromancy     5
   Ignite Poison                      Fire/Transmutation           5


   Skills:
 + Level 7.0 Fighting
 * Level 10.4 Polearms
 - Level 3.6 Armour
 + Level 8.1 Shields


You had 8 spell levels left.
You didn't know any spells.

Dungeon Overview and Level Annotations

Branches:
Dungeon (8/27)             Temple (0/1) D:7
    Orc: D:6-11        Lair: D:8-13

Altars:
Ashenzari
Elyvilon
Okawaru
Yredelemnul
Zin


Innate Abilities, Weirdness & Mutations

You reflexively headbutt those who attack you in melee.
You have a pair of horns on your head.


Message History

You kill the orc priest!
You block the orc warrior's attack.
You hit the orc warrior but do no damage.
You block the orc warrior's attack.
You hit the orc warrior. You headbutt the orc warrior.
The orc warrior is moderately wounded.
The orc warrior hits you with an orcish battleaxe.
You hit the orc warrior but do no damage.
The orc warrior is moderately wounded.
The orc warrior hits you with an orcish battleaxe!
You hit the orc warrior but do no damage.
The orc warrior is moderately wounded.
You hit the orc warrior but do no damage.
The orc warrior is moderately wounded.
The orc warrior hits you with an orcish battleaxe!
* * * LOW HITPOINT WARNING * * *
Drink which item? (? for menu, Esc to quit)
You fade into invisibility!
The orc warrior hits you with an orcish battleaxe!
You die...

....................
#........<#
#.........#
#.........#
#.........#
#.........#
#.........#
#.........#
#@........#
.......)o........#
#################


You could see an orc warrior.

Vanquished Creatures
  Pikel (D:5)
  2 ice beasts (D:7)
  A slave (D:5)
  A centaur (D:7)
  3 ogres (D:6)
  4 big kobolds (Port)
  A human zombie (D:4)
  4 hounds
  A big kobold skeleton (D:7)
  A crimson imp (D:6)
  A gnoll shaman (D:7)
  5 orc priests
  An iguana (D:7)
  A scorpion (D:4)
  A worker ant zombie (D:1)
  A worker ant (D:6)
  4 orc wizards
  10 mummies (Port)
  9 adders
  3 gnolls (D:7)
  3 green rats (Port)
  2 adder skeletons
  3 adder zombies (D:1)
  5 worms
  5 giant mites
  3 grey rats (Port)
  A bat skeleton (D:1)
  A bat zombie (D:1)
  A gnoll zombie (Port)
  3 giant geckos
  An ooze (D:4)
  14 orcs
  13 bats
  7 giant cockroaches
  7 hobgoblins
  2 jackals (D:1)
  7 quokkas
  7 ball pythons
  A giant cockroach zombie (D:1)
  A giant gecko skeleton (D:6)
  10 giant newts
  A giant spore (D:6)
  9 goblins
  A goblin zombie (D:4)
  A hobgoblin skeleton (D:1)
  3 hobgoblin zombies (Port)
  22 kobolds
  A kobold skeleton (D:1)
  A kobold zombie (Port)
  5 orc zombies
  19 rats
  2 rat skeletons
  3 toadstools
220 creatures vanquished.

Vanquished Creatures (others)
  A hobgoblin (D:5)
  A rat (D:3)
  7 toadstools
9 creatures vanquished.

Grand Total: 229 creatures vanquished

Notes
Turn   | Place    | Note
--------------------------------------------------------------
     0 | D:1      | CodaKJazz, the Minotaur Fighter, began the quest for the Orb.
     0 | D:1      | Reached XP level 1. HP: 19/19 MP: 0/0
    13 | D:1      | Noticed a hobgoblin skeleton
    14 | D:1      | Noticed a bat skeleton
    17 | D:1      | Killed a bat skeleton
    22 | D:1      | Killed a hobgoblin skeleton
    46 | D:1      | Noticed a worker ant zombie
    47 | D:1      | Noticed an adder zombie
    60 | D:1      | Killed an adder zombie
    60 | D:1      | Reached XP level 2. HP: 23/26 MP: 0/0
    66 | D:1      | Killed a worker ant zombie
    66 | D:1      | Reached skill level 5 in Polearms
    66 | D:1      | Reached XP level 3. HP: 30/33 MP: 1/1
   175 | D:1      | Noticed a giant cockroach zombie
   183 | D:1      | Killed a giant cockroach zombie
   188 | D:1      | Noticed an adder zombie
   190 | D:1      | Noticed an orc zombie
   194 | D:1      | Killed an adder zombie
   195 | D:1      | Noticed a kobold skeleton
   206 | D:1      | Killed an orc zombie
   207 | D:1      | Killed a kobold skeleton
   403 | D:1      | Noticed a bat zombie
   407 | D:1      | Killed a bat zombie
   415 | D:1      | Noticed an adder zombie
   423 | D:1      | Killed an adder zombie
   423 | D:1      | Reached XP level 4. HP: 37/39 MP: 1/1
  1280 | D:2      | Reached skill level 6 in Polearms
  1895 | D:3      | Reached XP level 5. HP: 46/46 MP: 1/1
  2310 | D:4      | Found a sand-covered staircase.
  2336 | D:4      | Reached XP level 6. HP: 42/53 MP: 2/2 2362
                  | ossuary
                  | Entered a tomb 2442
                  | ossuary
                  | Reached skill level 7 in Polearms
  2942 | D:4      | Reached XP level 7. HP: 50/60 MP: 2/2
  2986 | D:4      | Found a glowing drain. 3075
                  | sewer
                  | Entered the sewers 3479
                  | sewer
                  | Reached skill level 8 in Polearms
  3921 | D:4      | Reached XP level 8. HP: 46/68 MP: 2/2
  4322 | D:5      | Entered Level 5 of the Dungeon
  4736 | D:5      | Noticed Pikel
  4844 | D:5      | Found a basalt altar of Yredelemnul.
  4889 | D:5      | Killed Pikel
  4889 | D:5      | Reached skill level 9 in Polearms
  5102 | D:5      | Found an iron altar of Okawaru.
  5442 | D:6      | Found a shattered altar of Ashenzari.
  5803 | D:6      | Found a glowing silver altar of Zin.
  5905 | D:7      | Reached XP level 9. HP: 69/75 MP: 3/3
  5923 | D:7      | Reached skill level 10 in Polearms
  6004 | D:7      | Found a staircase to the Ecumenical Temple.
  6449 | D:7      | Found a white marble altar of Elyvilon.
  6786 | D:8      | Mangled by an orc warrior
